[Event "Titled Tuesday Blitz January 17 Early 2023"]
[White "Ismagilov, Damir"]
[Black "Sanal, Vahap"]
[WhiteFideId "34199982"]
[BlackFideId "6300545"]
[WhiteElo "2156"]
[BlackElo "2600"]
[Result "0-1"]
[Round "02"]
[TimeControl "180+2"]
[Date "2023.01.17"]
[WhiteClock "0:00:01"]
[BlackClock "0:00:26"]

1. e4 c5 2. Nf3 e6 3. g3 Nc6 4. Bg2 e5 5. O-O Nf6 6. Re1 Be7 7. c3 O-O 8. d4 d6 9. Na3 cxd4 10. cxd4 Bg4 11. d5 Nd4 12. Be3 Bxf3 13. Bxf3 Nd7 14. Bg2 Rc8 15. Bxd4 exd4 16. Nb5 Qb6 17. Nxd4 Bf6 18. Nf5 g6 19. Ne3 Qxb2 20. Rb1 Qxa2 21. Rxb7 Nc5 22. Rb1 Rfe8 23. Qg4 h5 24. Qf4 Bc3 25. Red1 Be5 26. Qh6 Nd3 27. Rf1 Bg7 28. Qg5 Nxf2 29. Qf4 Bd4 30. Qxf2 Qxf2+ 31. Kxf2 Rc2+ 32. Kg1 Bxe3+ 33. Kh1 Re7 34. Rb8+ Kg7 35. Rd8 Bc5 36. Bh3 a5 37. Ra8 Rxe4 38. Bg2 Ree2 39. Bf3 Rxh2# 0-1


[Site "https://www.chess.com"]

[Event "Titled Tuesday Blitz January 17 Early 2023"]
[White "Zierk, Steven"]
[Black "Kochetov, Andrey"]
[WhiteFideId "2034255"]
[BlackFideId "24130532"]
[WhiteElo "2488"]
[BlackElo "2165"]
[Result "1-0"]
[Round "02"]
[TimeControl "180+2"]
[Date "2023.01.17"]
[WhiteClock "0:00:12"]
[BlackClock "0:00:01"]

1. e4 c5 2. Nf3 d6 3. d4 cxd4 4. Nxd4 Nf6 5. Nc3 Nc6 6. Bg5 e6 7. Qd2 a6 8. O-O-O Bd7 9. f4 h6 10. Bh4 Nxe4 11. Qe1 Nf6 12. Nf5 Qc7 13. Bxf6 gxf6 14. Nd5 Qd8 15. Qc3 e5 16. Nde3 exf4 17. Nd5 Bxf5 18. Nxf6+ Ke7 19. Nd5+ Kd7 20. Qxh8 Rc8 21. Bd3 Bxd3 22. Rxd3 Ne5 23. Rc3 Rxc3 24. Nxc3 Qe7 25. Nd5 Qe6 26. Nxf4 Qe7 27. Kb1 h5 28. Nxh5 f5 29. Qf6 Qe8 30. Qxf5+ Kc7 31. Nf6 Qf7 32. Rf1 Bg7 33. Ne4 Qe7 34. Qh7 Kb8 35. Ng3 Nc4 36. Qg8+ Ka7 37. Qxc4 Qe5 38. Qc3 Qb5 39. Qxg7 1-0


[Site "https://www.chess.com"]

[Event "Titled Tuesday Blitz January 17 Early 2023"]
[White "Grandelius, Nils"]
[Black "Czernek, Tymon"]
[WhiteFideId "1710400"]
[BlackFideId "1199510"]
[WhiteElo "2664"]
[BlackElo "2314"]
[Result "0-1"]
[Round "02"]
[TimeControl "180+2"]
[Date "2023.01.17"]
[WhiteClock "0:00:26"]
[BlackClock "0:00:13"]

1. e4 c5 2. Be2 Nc6 3. f4 e6 4. Nf3 d6 5. O-O Nf6 6. d3 Be7 7. Kh1 O-O 8. Be3 b5 9. c3 Bb7 10. Nbd2 Rc8 11. d4 cxd4 12. cxd4 a6 13. a3 Na5 14. Bd3 Nc4 15. Bxc4 bxc4 16. Qc2 Qa5 17. Bf2 c3 18. bxc3 Qxc3 19. Qb1 Ba8 20. Bh4 Rb8 21. Qe1 Rfe8 22. e5 dxe5 23. fxe5 Nd5 24. Bxe7 Rxe7 25. Qh4 h6 26. Ne4 Qe3 27. Rae1 Qf4 28. Qh3 Ne3 29. Nf6+ gxf6 30. exf6 Nxf1 31. fxe7 Bxf3 32. Rxf1 Bg4 33. Rxf4 Rb1+ 0-1


[Site "https://www.chess.com"]

[Event "Titled Tuesday Blitz January 17 Early 2023"]
[White "Fernandez Garcia, Gumersindo"]
[Black "Le, Tuan Minh"]
[WhiteFideId "24516740"]
[BlackFideId "12401153"]
[WhiteElo "2160"]
[BlackElo "2542"]
[Result "1/2-1/2"]
[Round "02"]
[TimeControl "180+2"]
[Date "2023.01.17"]
[WhiteClock "0:01:30"]
[BlackClock "0:01:30"]

1. e4 c5 2. c3 Nf6 3. e5 Nd5 4. d4 cxd4 5. Nf3 Nc6 6. cxd4 d6 7. Bc4 dxe5 8. dxe5 Ndb4 9. Qxd8+ Nxd8 10. Na3 a6 11. Bd2 e6 12. Ke2 b5 13. Bb3 Bb7 14. Rhd1 Be7 15. Rac1 Ndc6 16. Be3 Na5 17. Nc2 Nxb3 18. axb3 Nd5 19. Bd2 Rc8 20. g3 O-O 21. Ne3 f6 22. exf6 Bxf6 23. Rxc8 Rxc8 24. Nxd5 Bxd5 25. Rc1 Rxc1 26. Bxc1 Bxb3 27. Ke3 Bd5 28. Nd4 e5 29. Ne2 Kf7 30. f4 Ke6 31. fxe5 Kxe5 32. Nf4 Bc6 33. Bd2 Kf5 34. b4 Kg4 35. Be1 g5 36. h3+ Kf5 37. g4+ Ke5 38. Bc3+ Kd6 39. Bxf6 gxf4+ 40. Kxf4 1/2-1/2


[Site "https://www.chess.com"]

[Event "Titled Tuesday Blitz January 17 Early 2023"]
[White "Oparin, Grigoriy"]
[Black "Hamley, Ryan"]
[WhiteFideId "24125890"]
[BlackFideId "30959497"]
[WhiteElo "2667"]
[BlackElo "2092"]
[Result "1-0"]
[Round "02"]
[TimeControl "180+2"]
[Date "2023.01.17"]
[WhiteClock "0:00:16"]
[BlackClock "0:00:02"]

1. e4 e5 2. Nf3 Nc6 3. Bb5 Nf6 4. d3 Bc5 5. Nbd2 Nd4 6. Nxd4 Bxd4 7. c3 Bb6 8. d4 c6 9. dxe5 cxb5 10. exf6 Qxf6 11. O-O O-O 12. Nf3 Re8 13. e5 Qg6 14. Bf4 Bc7 15. Re1 b6 16. Nh4 Qe6 17. Qf3 Rb8 18. h3 Bb7 19. Qg3 Kh8 20. Rad1 h6 21. Nf3 a6 22. Nd4 Qg6 23. Qxg6 fxg6 24. Bg3 Re7 25. Re3 Rbe8 26. Rde1 Bd5 27. e6 dxe6 28. Bxc7 Rxc7 29. Nxe6 Rce7 30. Nf4 Rxe3 31. Rxe3 Rxe3 32. fxe3 Bxa2 33. Nxg6+ Kg8 34. Ne5 Be6 35. e4 Kf8 36. Kf2 Ke7 37. Ke3 a5 38. Kd4 Kd6 39. h4 g5 40. g3 Bg8 41. hxg5 hxg5 42. Nf3 g4 43. Ne5 Be6 44. Nd3 Bc4 45. Nf4 Bg8 46. e5+ Kc6 47. Nh5 b4 48. cxb4 axb4 49. Nf4 b5 50. Nd3 b3 51. Nf2 Be6 52. Ne4 Bf5 53. Ng5 Bc2 54. Ne4 Kd7 55. Kd5 Bd3 56. Nc5+ 1-0


[Site "https://www.chess.com"]

[Event "Titled Tuesday Blitz January 17 Early 2023"]
[White "UnknownMagician"]
[Black "Aravindh, Chithambaram VR."]
[BlackFideId "5072786"]
[WhiteElo "2637"]
[BlackElo "2633"]
[Result "1/2-1/2"]
[Round "02"]
[TimeControl "180+2"]
[Date "2023.01.17"]
[WhiteClock "0:00:09"]
[BlackClock "0:00:05"]

1. c4 d6 2. Nc3 f5 3. g3 Nf6 4. Bg2 g6 5. Nf3 Bg7 6. O-O e5 7. d3 O-O 8. Rb1 Nc6 9. b4 h6 10. b5 Ne7 11. a4 g5 12. e3 Ng6 13. a5 Rb8 14. Ba3 Rf7 15. Nd2 f4 16. b6 axb6 17. axb6 c6 18. d4 Ng4 19. exf4 gxf4 20. dxe5 Bxe5 21. Nce4 fxg3 22. hxg3 Bf5 23. Rb3 c5 24. Bb2 Bxb2 25. Rxb2 N6e5 26. Rb3 Kh7 27. f4 Nc6 28. Rd3 Nd4 29. Nb3 Qxb6 30. Nxd4 cxd4 31. Rxd4 Re8 32. Nxd6 Ne3 33. Qd2 Rd8 34. Qxe3 Rxd6 35. Bd5 Rfd7 36. Kh2 Qd8 37. Re1 Qf6 38. Qe8 Qg7 39. Re5 Rd8 40. Qe7 Qxe7 41. Rxe7+ Kg6 42. Re5 Kf6 43. Kg2 b5 44. cxb5 Rxd5 45. Rdxd5 Rxd5 46. Rxd5 Be4+ 47. Kh3 Bxd5 48. Kh4 Kg6 49. g4 Bf3 50. Kg3 Be2 51. b6 Ba6 52. Kh4 Bb7 53. f5+ Kg7 54. Kh5 Bf3 55. b7 Bxb7 56. f6+ Kh7 57. f7 Kg7 58. f8=Q+ Kxf8 59. Kxh6 Kg8 60. g5 Be4 61. g6 Bf5 62. g7 Bg6 63. Kg5 Bh7 64. Kf6 Bg6 65. Kg5 Kxg7 1/2-1/2


[Site "https://www.chess.com"]

[Event "Titled Tuesday Blitz January 17 Early 2023"]
[White "Mitrabha, Guha"]
[Black "Djokovic, Nebojsa"]
[WhiteFideId "5057000"]
[BlackFideId "938300"]
[WhiteElo "2507"]
[BlackElo "2119"]
[Result "1-0"]
[Round "02"]
[TimeControl "180+2"]
[Date "2023.01.17"]
[WhiteClock "0:02:04"]
[BlackClock "0:00:20"]

1. d4 e6 2. Nf3 Nf6 3. c4 Bb4+ 4. Nbd2 O-O 5. a3 Be7 6. e4 d6 7. Be2 c5 8. d5 Nbd7 9. O-O e5 10. b4 Re8 11. Ne1 b6 12. Nd3 Bb7 13. Bb2 Nf8 14. Re1 Ng6 15. Bf1 Rc8 16. g3 b5 17. bxc5 dxc5 18. Nxe5 Nxe5 19. Bxe5 Nd7 20. Bc3 Bf6 21. Bxf6 Qxf6 22. cxb5 Ne5 23. f4 Nd3 24. e5 Qg6 25. Bxd3 Qxd3 26. Ne4 c4 27. Nd6 Bxd5 28. Nxe8 Rxe8 29. Qxd3 cxd3 30. Red1 Be4 31. Rac1 Rd8 32. Rd2 g6 33. Kf2 Rd5 34. Ke3 Bf5 35. a4 h5 36. Rc7 a6 37. b6 Kg7 38. b7 Rd8 39. Rc8 Rxc8 40. bxc8=Q Bxc8 41. Rxd3 Be6 42. Rd6 Bc4 43. a5 Kf8 44. h4 Ke7 45. Kd4 Bb5 46. Kc5 Be2 47. Kb6 f6 48. Rxf6 Bd3 49. Ka7 Ke8 50. Rxa6 Bxa6 51. Kxa6 Ke7 52. Kb7 Ke6 53. a6 g5 54. a7 gxh4 55. a8=Q Kf5 56. gxh4 Kg4 57. e6 Kxh4 58. Qg8 Kh3 59. e7 Kh2 60. e8=Q h4 61. Qe2+ Kh1 62. Qeg2# 1-0


[Site "https://www.chess.com"]

[Event "Titled Tuesday Blitz January 17 Early 2023"]
[White "Aizpurua, Patrick Emilio"]
[Black "Movahed, Sina"]
[WhiteFideId "6600522"]
[BlackFideId "42520835"]
[WhiteElo "2304"]
[BlackElo "2340"]
[Result "0-1"]
[Round "02"]
[TimeControl "180+2"]
[Date "2023.01.17"]
[WhiteClock "0:01:02"]
[BlackClock "0:01:33"]

1. d4 Nf6 2. c4 g6 3. Nf3 Bg7 4. Nc3 O-O 5. e4 d6 6. Be2 e5 7. Be3 exd4 8. Nxd4 Re8 9. Qc2 Nc6 10. Nxc6 bxc6 11. O-O Qe7 12. Bd3 Ng4 13. Bf4 Rb8 14. Rab1 h5 15. Rfe1 Bd4 16. Nd1 Qf6 17. Be3 Nxe3 18. Nxe3 h4 19. b3 h3 20. g3 a5 21. Bf1 Kg7 22. Rbd1 c5 23. Nd5 Qd8 24. Kh1 c6 25. Nf4 Rh8 26. Rxd4 cxd4 27. c5 d5 28. exd5 g5 29. Ne6+ fxe6 30. d6 Qf6 31. Kg1 e5 32. Bd3 Be6 33. Qd2 Bd5 34. Re2 Rbe8 35. d7 Re7 0-1


[Site "https://www.chess.com"]

[Event "Titled Tuesday Blitz January 17 Early 2023"]
[White "Kamsky, Gata"]
[Black "Korchmar, Vasiliy"]
[WhiteFideId "2000024"]
[BlackFideId "24131750"]
[WhiteElo "2665"]
[BlackElo "2438"]
[Result "1-0"]
[Round "02"]
[TimeControl "180+2"]
[Date "2023.01.17"]
[WhiteClock "0:00:55"]
[BlackClock "0:00:02"]

1. e4 c5 2. Nf3 d6 3. d4 cxd4 4. Nxd4 Nf6 5. Nc3 Nc6 6. Bg5 Bd7 7. Qd2 a6 8. Nxc6 bxc6 9. Bd3 e6 10. O-O Be7 11. Qe2 h6 12. Bd2 e5 13. Bxa6 Qb6 14. Bc4 Qxb2 15. a4 Qb6 16. Rfb1 Qc7 17. a5 O-O 18. a6 Rfb8 19. Rxb8+ Qxb8 20. Rb1 Qd8 21. h3 Nxe4 22. Qxe4 d5 23. Nxd5 cxd5 24. Qxd5 Qe8 25. Qxe5 Bc6 26. Bf4 Qd7 27. Rb8+ Rxb8 28. Qxb8+ Kh7 29. Bd3+ g6 30. Be5 f6 31. Bb2 Qe6 32. Qc7 Qe1+ 33. Bf1 Qe4 34. Bxf6 1-0


[Site "https://www.chess.com"]

[Event "Titled Tuesday Blitz January 17 Early 2023"]
[White "Iskusnyh, Sergei"]
[Black "Kovalenko, Igor"]
[WhiteFideId "4120027"]
[BlackFideId "14117908"]
[WhiteElo "2440"]
[BlackElo "2674"]
[Result "0-1"]
[Round "02"]
[TimeControl "180+2"]
[Date "2023.01.17"]
[WhiteClock "0:00:06"]
[BlackClock "0:00:24"]

1. d4 Nf6 2. c4 e6 3. g3 c5 4. Nf3 b6 5. Bg2 Bb7 6. d5 exd5 7. Nh4 Nc6 8. cxd5 Ne5 9. Nc3 d6 10. O-O g6 11. Nf3 Nxf3+ 12. exf3 Bg7 13. Re1+ Kf8 14. f4 a6 15. a4 h5 16. f5 gxf5 17. Qd3 Qd7 18. Bf4 h4 19. Re2 hxg3 20. hxg3 Re8 21. Rae1 Rxe2 22. Qxe2 Bc8 23. Bf3 Bh6 24. Qe3 Kg7 25. Bxh6+ Rxh6 26. Ne2 Qxa4 27. Nf4 Qb4 28. Qe7 Ng8 29. Qg5+ Rg6 30. Nh5+ Kh7 31. Qe3 Bd7 32. Re2 Qd4 33. Qa3 a5 34. Kg2 a4 35. Re1 b5 36. Rh1 Rh6 37. Qa1 Nf6 38. Nxf6+ Qxf6 39. Re1 Kg7 40. Qc1 f4 41. g4 Rg6 42. Kf1 Bxg4 43. Bxg4 Rxg4 44. Qd1 Rh4 45. Qf3 Qf5 46. Re4 Qh3+ 47. Qxh3 Rxh3 48. Rxf4 Rb3 0-1


[Site "https://www.chess.com"]

[Event "Titled Tuesday Blitz January 17 Early 2023"]
[White "Zhigalko, Sergei"]
[Black "Odegov, Artem"]
[WhiteFideId "13502956"]
[BlackFideId "34183644"]
[WhiteElo "2572"]
[BlackElo "2261"]
[Result "1/2-1/2"]
[Round "02"]
[TimeControl "180+2"]
[Date "2023.01.17"]
[WhiteClock "0:00:51"]
[BlackClock "0:01:07"]

1. e4 e6 2. d4 d5 3. e5 c5 4. c3 Qb6 5. Nf3 Nc6 6. Bd3 cxd4 7. O-O Bd7 8. Re1 Nge7 9. h4 Rc8 10. h5 h6 11. a3 dxc3 12. Nxc3 Na5 13. Be3 Qxb2 14. Nb5 Bxb5 15. Rb1 Qxa3 16. Bxb5+ Nec6 17. Bxa7 Bc5 18. Ra1 Qb4 19. Rb1 Qa3 20. Ra1 Qb4 21. Rb1 Qa3 1/2-1/2


[Site "https://www.chess.com"]

[Event "Titled Tuesday Blitz January 17 Early 2023"]
[White "Shankland, Sam"]
[Black "Ginzburg, Yakov"]
[WhiteFideId "2004887"]
[BlackFideId "4157176"]
[WhiteElo "2711"]
[BlackElo "2405"]
[Result "1-0"]
[Round "02"]
[TimeControl "180+2"]
[Date "2023.01.17"]
[WhiteClock "0:02:04"]
[BlackClock "0:00:01"]

1. d4 d5 2. c4 c6 3. Nc3 Nf6 4. e3 a6 5. Nf3 b5 6. b3 Bg4 7. Be2 e6 8. O-O Nbd7 9. Bb2 Bd6 10. Ne5 Bxe2 11. Nxe2 Bxe5 12. dxe5 Ng4 13. Nd4 Ndxe5 14. h3 Nf6 15. Nxe6 fxe6 16. Bxe5 O-O 17. cxd5 Qxd5 18. Bxf6 Rxf6 19. Rc1 Rg6 20. Qxd5 exd5 21. Rc5 a5 22. Rfc1 Ra6 23. g4 Kf7 24. Kg2 Ke7 25. f4 Kd7 26. Kf3 a4 27. b4 a3 28. h4 Ra4 29. Rb1 Rd6 30. h5 d4 31. exd4 Rxd4 32. Rg5 Raxb4 33. Rxg7+ Kd6 34. Rxb4 Rxb4 35. Rxh7 Rb2 36. Ra7 Rxa2 37. h6 Rh2 38. g5 b4 39. f5 a2 40. Rxa2 Rxa2 41. h7 Ra8 42. g6 b3 43. g7 b2 44. h8=Q Rxh8 45. gxh8=Q b1=Q 46. Qf6+ Kc7 47. Qe7+ Kb6 48. Qe3+ Kc7 49. Kf4 Qf1+ 50. Kg5 Qg2+ 51. Kf6 Qg8 52. Qe7+ Kb6 53. Qe6 Qf8+ 54. Kg6 Kb5 55. f6 Kb4 56. Qe7+ 1-0


[Site "https://www.chess.com"]

[Event "Titled Tuesday Blitz January 17 Early 2023"]
[White "Pham, Khoi"]
[Black "Moroni, Luca Jr"]
[WhiteFideId "1054988"]
[BlackFideId "865834"]
[WhiteElo "2355"]
[BlackElo "2535"]
[Result "0-1"]
[Round "02"]
[TimeControl "180+2"]
[Date "2023.01.17"]
[WhiteClock "0:00:40"]
[BlackClock "0:00:34"]

1. c4 g6 2. Nc3 Bg7 3. e4 d6 4. d4 c5 5. Nf3 Bg4 6. d5 Nd7 7. Be2 Bxc3+ 8. bxc3 Ngf6 9. h3 Bxf3 10. Bxf3 Ne5 11. Qe2 Qa5 12. O-O Qxc3 13. Bf4 Qxc4 14. Qb2 Nxf3+ 15. gxf3 b6 16. Rfc1 Qd3 17. Rc3 Qd4 18. Qc2 Nd7 19. Rd1 Qf6 20. Qd2 g5 21. Bg3 Ne5 22. Kg2 h5 23. a4 Ng6 24. a5 b5 25. Rb1 b4 26. Rcb3 h4 27. Bh2 Nf4+ 28. Bxf4 gxf4 29. Kh2 Rg8 30. Qe2 Qg5 31. Qb5+ Kf8 32. Qf1 f6 33. Qh1 Kf7 34. Rf1 Rg6 35. Rbb1 Rag8 36. Rg1 Qxg1+ 37. Rxg1 Rxg1 38. Qxg1 Rxg1 39. Kxg1 b3 0-1


[Site "https://www.chess.com"]

[Event "Titled Tuesday Blitz January 17 Early 2023"]
[White "Kravtsiv, Martyn"]
[Black "Divya Deshmukh"]
[WhiteFideId "14113147"]
[BlackFideId "35006916"]
[WhiteElo "2598"]
[BlackElo "2372"]
[Result "1-0"]
[Round "02"]
[TimeControl "180+2"]
[Date "2023.01.17"]
[WhiteClock "0:02:31"]
[BlackClock "0:02:25"]

1. e4 c5 2. Nf3 d6 3. Bb5+ Nd7 4. d4 cxd4 5. Qxd4 a6 6. Bxd7+ Bxd7 7. O-O e5 8. Qd3 h6 9. a4 Rc8 10. c4 Qc7 11. b3 b5 12. axb5 axb5 13. Na3 bxc4 14. Nxc4 Bb5 15. Nxd6+ Bxd6 16. Qxb5+ Qd7 17. Qxd7+ Kxd7 18. Rd1 Ke6 19. Ra6 1-0


[Site "https://www.chess.com"]

[Event "Titled Tuesday Blitz January 17 Early 2023"]
[White "Guzman, Christopher"]
[Black "Bharath Subramaniyam H"]
[WhiteFideId "6405096"]
[BlackFideId "46634827"]
[WhiteElo "2271"]
[BlackElo "2517"]
[Result "0-1"]
[Round "02"]
[TimeControl "180+2"]
[Date "2023.01.17"]
[WhiteClock "0:01:12"]
[BlackClock "0:01:47"]

1. e4 c5 2. Nf3 d6 3. d4 cxd4 4. Nxd4 Nf6 5. Nc3 a6 6. h4 e5 7. Nb3 Be7 8. Bg5 Be6 9. g3 Nbd7 10. Qd2 h6 11. Bxf6 Nxf6 12. f4 b5 13. f5 Bd7 14. a3 Rc8 15. Bg2 O-O 16. O-O-O Rc4 17. Qe3 a5 18. Nd2 Rc5 19. Nb3 Rc8 20. Nd5 Nxd5 21. Rxd5 Qc7 22. Qd2 a4 23. Na1 Qc4 24. Kb1 Rb8 25. Re1 b4 26. Rd3 bxa3 27. Rxa3 d5 28. Ra2 Bb4 29. Qe2 Bxe1 30. Qxe1 dxe4 31. Qxe4 Qxe4 32. Bxe4 Rb4 33. Bd3 Rg4 34. b3 axb3 35. cxb3 Rxg3 36. Bc2 Rg1+ 37. Kb2 Rg2 38. Ra7 Bxf5 39. Rc7 Bxc2 40. Nxc2 f5 41. b4 f4 0-1


[Site "https://www.chess.com"]

[Event "Titled Tuesday Blitz January 17 Early 2023"]
[White "Kosakowski, Jakub"]
[Black "Ince, Taylan Ruzgar"]
[WhiteFideId "1185080"]
[BlackFideId "44513089"]
[WhiteElo "2485"]
[BlackElo "2264"]
[Result "0-1"]
[Round "02"]
[TimeControl "180+2"]
[Date "2023.01.17"]
[WhiteClock "0:00:25"]
[BlackClock "0:00:27"]

1. e4 e6 2. d4 d5 3. Nc3 Bb4 4. e5 c5 5. a3 Bxc3+ 6. bxc3 Ne7 7. Qg4 O-O 8. Bd3 c4 9. Bh6 Ng6 10. Bxg6 fxg6 11. Be3 Nc6 12. h4 Qe8 13. h5 gxh5 14. Rxh5 Ne7 15. Nh3 Nf5 16. Nf4 h6 17. Kd2 Bd7 18. Rah1 Qf7 19. R5h3 Be8 20. Kc1 Rc8 21. Nh5 Qg6 22. Qe2 Rc6 23. Bd2 Ra6 24. g4 Ne7 25. g5 Rxa3 26. Nf6+ Rxf6 27. gxf6 Ra2 28. Bxh6 Ba4 29. Rg3 Rxc2+ 30. Kb1 Rxe2+ 31. Rxg6 Nxg6 32. fxg7 Rxf2 33. Rg1 Bc2+ 34. Kc1 Bf5 35. Bg5 Kxg7 36. Bf6+ Kf7 37. Rh1 Nf4 38. Rh8 Nd3+ 39. Kb1 Nxe5+ 0-1


[Site "https://www.chess.com"]

[Event "Titled Tuesday Blitz January 17 Early 2023"]
[White "Andreev, Eduard"]
[Black "Demidov, Mikhail"]
[WhiteFideId "14103400"]
[BlackFideId "4197143"]
[WhiteElo "2413"]
[BlackElo "2583"]
[Result "1-0"]
[Round "02"]
[TimeControl "180+2"]
[Date "2023.01.17"]
[WhiteClock "0:00:11"]
[BlackClock "0:00:03"]

1. e4 Nf6 2. e5 Nd5 3. d4 d6 4. Nf3 Nb6 5. Nc3 g6 6. Bf4 Bg7 7. Qd2 O-O 8. O-O-O Nc6 9. Kb1 Bg4 10. exd6 cxd6 11. Be3 Rc8 12. Be2 Na5 13. b3 Nc6 14. h3 Bd7 15. Rc1 Nb4 16. a3 N6d5 17. Nxd5 Nxd5 18. c4 Nxe3 19. fxe3 e5 20. Ka2 e4 21. Ne1 f5 22. Nc2 Qg5 23. Rhg1 Qg3 24. Rcf1 Rf7 25. d5 Rcf8 26. Nd4 f4 27. exf4 Rxf4 28. Ne6 Bc3 29. Rxf4 Bxe6 30. Rxf8+ Kxf8 31. Rf1+ Bf5 32. Qf4 Qxg2 33. Rf2 Qg1 34. Bf1 Be5 35. Qe3 Kg7 36. b4 a6 37. c5 dxc5 38. bxc5 Bg3 39. Re2 Qxf1 40. d6 Be6+ 41. Kb2 Be5+ 42. Kc2 Qa1 43. Kd2 Bf5 44. d7 Bxd7 45. Qb3 Qa2+ 46. Qxa2 Bf5 47. Qc2 Bf4+ 48. Ke1 Bg3+ 49. Kd1 e3 50. Qb2+ Kh6 51. Qf6 Bf2 52. Rxf2 exf2 53. Ke2 Bxh3 54. Kxf2 Bd7 55. Qe7 Bc6 56. Qh4+ Kg7 57. Ke3 h6 58. Qd4+ Kf7 59. Kf4 g5+ 60. Kg3 Kg6 61. Qe5 h5 62. Qe6+ Kg7 63. Qf5 Kh6 64. Qf6+ Kh7 65. Qxg5 Be8 66. Kh4 Bf7 67. Qe7 Kg8 68. Qxb7 1-0


[Site "https://www.chess.com"]

[Event "Titled Tuesday Blitz January 17 Early 2023"]
[White "Indjic, Aleksandar"]
[Black "Martynov, Pavel"]
[WhiteFideId "911925"]
[BlackFideId "4101260"]
[WhiteElo "2618"]
[BlackElo "2414"]
[Result "1/2-1/2"]
[Round "02"]
[TimeControl "180+2"]
[Date "2023.01.17"]
[WhiteClock "0:00:08"]
[BlackClock "0:00:11"]

1. e4 c5 2. Nf3 e6 3. d4 cxd4 4. Nxd4 Nc6 5. Nc3 Qc7 6. a3 a6 7. Be2 Nf6 8. O-O Be7 9. Be3 Ne5 10. f4 Nc4 11. Bxc4 Qxc4 12. e5 Nd5 13. Nxd5 Qxd5 14. Qg4 g6 15. Rad1 Qe4 16. Qg3 b5 17. Rd2 Bb7 18. Re1 h5 19. Bf2 h4 20. Qh3 Qd5 21. c3 Bc5 22. Kh1 Rh5 23. Nf3 Bxf2 24. Rxd5 Bxd5 25. Re2 Bb6 26. Ng5 Bd8 27. Ne4 Be7 28. Kg1 Rc8 29. Qe3 Rc4 30. Nd6+ Bxd6 31. exd6 Kf8 32. Qa7 Bc6 33. Re5 Rxf4 34. Rxh5 gxh5 35. Qe3 Rg4 36. Qh6+ Kg8 37. Qxh5 f5 38. Kf2 Rxg2+ 39. Ke3 Rg4 40. h3 Re4+ 41. Kd3 Kg7 42. Qg5+ Kf7 43. b3 a5 44. c4 a4 45. cxb5 Bxb5+ 46. Kc3 axb3 47. Kxb3 Ba4+ 48. Kc3 Bc6 49. Kb2 Ba4 50. Kc3 Bc6 51. Qh6 Ba4 52. Qh7+ Kf6 53. Qh8+ Kf7 54. Qh5+ Kf6 55. Qh6+ Kf7 56. Qg5 1/2-1/2


[Site "https://www.chess.com"]

[Event "Titled Tuesday Blitz January 17 Early 2023"]
[White "Perrine, Dalton"]
[Black "Babazada, Khazar"]
[WhiteFideId "2048434"]
[BlackFideId "13413554"]
[WhiteElo "2228"]
[BlackElo "2474"]
[Result "0-1"]
[Round "02"]
[TimeControl "180+2"]
[Date "2023.01.17"]
[WhiteClock "0:00:02"]
[BlackClock "0:00:24"]

1. Nf3 c5 2. e4 Nc6 3. Bb5 g6 4. O-O Bg7 5. c3 Nf6 6. Re1 O-O 7. d4 d5 8. e5 Ne4 9. Bxc6 bxc6 10. Be3 Qb6 11. Qc1 Bg4 12. dxc5 Qa6 13. h3 Bd7 14. Bd4 Rab8 15. Nbd2 Nxd2 16. Qxd2 Qb5 17. b4 a5 18. a3 axb4 19. axb4 Ra8 20. Rxa8 Rxa8 21. e6 Bxe6 22. Bxg7 Kxg7 23. Ng5 Qb8 24. Nxe6+ fxe6 25. Rxe6 Ra1+ 26. Re1 Rxe1+ 27. Qxe1 e5 28. Qe3 Kf6 29. f4 exf4 30. Qd4+ Kf5 31. Kf2 Qe8 32. Kf1 Qe4 33. Qd2 g5 34. Kf2 h5 35. Qe2 g4 36. hxg4+ hxg4 37. Qd2 Qb1 0-1


[Site "https://www.chess.com"]

[Event "Titled Tuesday Blitz January 17 Early 2023"]
[White "Baskakov, Egor"]
[Black "Mohamed Anees M"]
[WhiteFideId "24197866"]
[BlackFideId "35065815"]
[WhiteElo "2215"]
[BlackElo "2315"]
[Result "1/2-1/2"]
[Round "02"]
[TimeControl "180+2"]
[Date "2023.01.17"]
[WhiteClock "0:00:10"]
[BlackClock "0:00:21"]

1. e4 d5 2. exd5 Nf6 3. Nf3 Nxd5 4. Be2 c5 5. d4 cxd4 6. Nxd4 e5 7. Nb3 Nc6 8. O-O Be7 9. c4 Nf6 10. Nc3 O-O 11. Nd5 Nxd5 12. cxd5 Nb4 13. Bc4 Bf5 14. Bd2 Rc8 15. Qe2 Rxc4 16. Qxc4 Bd3 17. Qg4 Bxf1 18. Bxb4 Bd3 19. Bxe7 Qxe7 20. Rd1 e4 21. Nc1 Qe5 22. Qg3 Qxd5 23. Nxd3 exd3 24. Qxd3 Qxa2 25. Qc3 Qa4 26. Re1 Qd7 27. h3 h6 28. Qa3 a6 29. Qb4 b5 30. Ra1 Ra8 31. Qa5 Qc6 32. b4 Re8 33. Rd1 Re2 34. Qd8+ Kh7 35. Qd3+ Qe4 36. Qxe4+ Rxe4 37. Rd6 Rxb4 38. Rxa6 Rb2 39. Rb6 b4 40. g3 f6 41. Kg2 Kg6 42. g4 h5 43. Kg3 Rb3+ 44. f3 h4+ 45. Kxh4 Rxf3 46. Rxb4 Kh6 47. g5+ fxg5+ 48. Kg4 Rf6 49. Rb5 Ra6 50. Rb8 Ra4+ 51. Kg3 Kg6 52. Rb6+ Kh5 53. Rb8 Ra3+ 54. Kg2 Ra2+ 55. Kg3 Ra3+ 56. Kg2 Kg6 57. Rb6+ Kf5 58. Rb5+ Kf4 59. Rb4+ Kf5 60. Rb5+ Kg6 61. Rb6+ Kh5 62. Rb8 1/2-1/2


[Site "https://www.chess.com"]

[Event "Titled Tuesday Blitz January 17 Early 2023"]
[White "Lymar, Vladislav"]
[Black "Gorodetzky, David"]
[WhiteFideId "14162180"]
[BlackFideId "2813416"]
[WhiteElo "2119"]
[BlackElo "2485"]
[Result "0-1"]
[Round "02"]
[TimeControl "180+2"]
[Date "2023.01.17"]
[WhiteClock "0:00:05"]
[BlackClock "0:00:21"]

1. e4 c5 2. Nf3 d6 3. g3 g6 4. Bg2 Bg7 5. O-O Nc6 6. Nc3 Nf6 7. d3 O-O 8. h3 Rb8 9. a4 a6 10. Be3 b5 11. axb5 axb5 12. Qd2 b4 13. Ne2 Nd7 14. c3 Bb7 15. Bh6 e5 16. Bxg7 Kxg7 17. Nh2 bxc3 18. bxc3 Ne7 19. f4 f5 20. Rfb1 Ra8 21. Qc1 Rxa1 22. Rxa1 fxe4 23. dxe4 c4 24. Rb1 Nc5 25. Ng4 h5 26. Ne3 Bxe4 27. Bxe4 Nxe4 28. Nxc4 Qc7 29. Rb4 Nd5 30. Ra4 Qc5+ 31. Kh1 Qf2 32. Ra2 Qf3+ 33. Kh2 Rc8 34. Nxd6 Ne3 35. Qg1 Ra8 36. Rxa8 Qxe2+ 37. Kh1 Qf3+ 38. Kh2 Nf1+ 39. Qxf1 Qxf1 40. Nxe4 Qe2+ 41. Kg1 Qe1+ 42. Kh2 Qxe4 43. Ra7+ Kf6 44. fxe5+ Qxe5 45. Ra6+ Kf5 46. Ra2 h4 47. Rg2 g5 48. c4 hxg3+ 49. Rxg3 Qe2+ 50. Rg2 Qxc4 51. Rf2+ Kg6 52. Kg2 Kh5 53. Kg3 Qh4+ 54. Kg2 Qe4+ 55. Kg3 Qe3+ 56. Rf3 Qg1# 0-1


[Site "https://www.chess.com"]

[Event "Titled Tuesday Blitz January 17 Early 2023"]
[White "Galchenko, Matvey"]
[Black "Ilkhomi, Jaloliddin"]
[WhiteFideId "24175480"]
[BlackFideId "14700948"]
[WhiteElo "2438"]
[BlackElo "1997"]
[Result "1-0"]
[Round "02"]
[TimeControl "180+2"]
[Date "2023.01.17"]
[WhiteClock "0:01:11"]
[BlackClock "0:01:08"]

1. e4 e6 2. d4 d5 3. exd5 exd5 4. Nf3 Bd6 5. c4 c6 6. Nc3 Ne7 7. Bd3 O-O 8. O-O Bf5 9. Bxf5 Nxf5 10. cxd5 cxd5 11. Qb3 Nc6 12. Qxd5 Nfxd4 13. Nxd4 Nxd4 14. Rd1 Qh4 15. g3 Qh3 16. Rxd4 Rad8 17. Qg2 Qe6 18. Be3 1-0


[Site "https://www.chess.com"]